 Dungeon Crawl Stone Soup version 0.27.0-1-g7a089689b8 (webtiles) character file.

Game seed: 13310024167174887698

108 leviel the Chopper (level 4, -2/40 HPs)
             Began as a Hill Orc Berserker on Aug 12, 2021.
             Was a Believer of Trog.
             Killed by divine providence
             ... invoked by an orc priest
              (15 damage)
             ... on level 3 of the Dungeon.
             The game lasted 00:03:00 (2301 turns).

leviel the Chopper (Hill Orc Berserker)             Turns: 2301, Time: 00:03:01

Health: -2/40      AC:  5    Str: 20    XL:     4   Next: 87%
Magic:  4/4        EV: 11    Int:  7    God:    Trog [**....]
Gold:   98         SH:  5    Dex: 10    Spells: 3/3 levels left

rFire    . . .     SeeInvis .   e - +3 dagger (speed)
rCold    . . .     Faith    .   (no shield)
rNeg     . . .     Spirit   .   f - +0 ring mail
rPois    .         Reflect  +   (no helmet)
rElec    .         Harm     .   (no cloak)
rCorr    .         Rampage  .   (no gloves)
Will     .....                  (no boots)
Stlth    ..........             h - amulet of reflection
HPRegen  0.13/turn              (no ring)
MPRegen  0.09/turn              (no ring)

@: no status effects
A: no striking features
a: Renounce Religion, Convert to Beogh, Berserk, Trog's Hand


You were on level 3 of the Dungeon.
You worshipped Trog.
Trog was pleased with you.
You visited 1 branch of the dungeon, and saw 3 of its levels.

You collected 98 gold pieces.

Inventory:

Hand Weapons
 a - a +0 hand axe
 e - a +3 dagger of speed (weapon)
Armour
 f - a +0 ring mail (worn)
Jewellery
 h - an amulet of reflection (around neck)
 k - a +6 ring of intelligence
 l - an amulet of faith
Scrolls
 c - a scroll of fog {unknown}
 i - a scroll of blinking {unknown}
 j - a scroll of vulnerability {unknown}
Potions
 b - a potion of degeneration {unknown}
 d - 2 potions of heal wounds {unknown}
 g - a potion of flight {unknown}


   Skills:
 - Level 4.2 Fighting
 + Level 3.2 Short Blades
 - Level 4.6 Axes
 - Level 2.3 Armour
 - Level 1.8 Dodging


You had 3 spell levels left.
You didn't know any spells.
Your spell library was empty.

Dungeon Overview and Level Annotations

Branches:
Dungeon (3/15)

Altars:


Message History

Things that are here:
a +0 dagger; a +0 short sword; an orc corpse You hit the orc priest.
The orc priest is lightly wounded.
The orc priest shouts, "Join the one true god or die!"
The orc priest hits you with a +0 short sword.
You closely miss the orc priest.
The orc priest is lightly wounded.
The orc priest threatens, "By the altar or by the axe, you will meet Beogh!"
The hobgoblin hits you with a +0 club.
You hit the orc priest.
The orc priest shouts, "Surrender to Beogh and we'll let you live!"
The orc priest is moderately wounded.
The orc priest closely misses you.
A quokka comes into view.
Your ring mail prevents you from hitting the orc priest.
The orc priest is moderately wounded.
The hobgoblin closely misses you.
The orc priest shouts, "Join the one true god or die!"
You hit the orc priest.
The orc priest is heavily wounded.
The orc priest hits you but does no damage.
You barely miss the orc priest.
The orc priest is heavily wounded.
You block the hobgoblin's attack.
You hit the orc priest.
The orc priest is severely wounded.
The orc priest threatens, "By the altar or by the axe, you will meet Beogh!"
The orc priest barely misses you.
You hit the orc priest but do no damage.
The orc priest is severely wounded.
The hobgoblin barely misses you. The orc priest closely misses you.
Your ring mail prevents you from hitting the orc priest.
The orc priest is severely wounded.
You hit the orc priest.
The orc priest is almost dead.
The hobgoblin hits you with a +0 club.
The orc priest calls down the wrath of Beogh upon you.
Beogh smites you!
You die...

### #.# #. #.# #.# #.
#.# #.# ..#.# #.# .#
#.#.# #.# ..# #.#.###.#
..## #.#.#..g<##.# #..#
## .......@###.# #..#
.. #.#.#.#o###.###..#
<#
.....#.).go.....##..#.#
# #.#
#r##.....<........
#.#...................
. #...###.##.####.....
. ............# .#.#
###...##...#..
#....#...#.##


You could see an orc priest, a quokka and a hobgoblin.

Vanquished Creatures
  5 adders (D:2)
  A gnoll (D:1)
  A dart slug (D:2)
  A worm (D:2)
  2 orcs (D:3)
  3 endoplasms
  2 giant cockroaches (D:2)
  3 goblins
  3 hobgoblins (D:1)
  6 jackals
  5 kobolds
  4 quokkas
  2 ball pythons (D:2)
  A bat (D:1)
  2 frilled lizards (D:2)
  5 rats
46 creatures vanquished.

Notes
Turn   | Place    | Note
-------+----------+-------------------------------------------
     0 | D:1      | leviel the Hill Orc Berserker began the quest for the Orb.
     0 | D:1      | Reached XP level 1. HP: 19/19 MP: 1/1
    33 | D:1      | Reached XP level 2. HP: 9/27 MP: 2/2
   370 | D:1      | Reached XP level 3. HP: 10/33 MP: 3/3
   925 | D:1      | Found a faded altar of an unknown god.
  1210 | D:1      | Reached skill level 1 in Short Blades
  1561 | D:2      | Reached XP level 4. HP: 34/40 MP: 4/4
  1697 | D:2      | Reached ** piety under Trog
  2301 | D:3      | Killed from afar by an orc priest

Illustrated notes

Levels and vault maps discovered:
D:1:      wander_arrival_abandoned_jail, layout_loops_cross,
          dreamdust_ecumenical_altar_angels_and_demons, minmay_pentomino_z4
D:2:      layout_rooms, serial_rivers, chequers_serial_rivers_large_b,
          chequers_serial_rivers_marsh, chequers_serial_rivers_micro_d,
          chequers_serial_rivers_large_a
D:3:      cheibrodos_thug_alley, layout_basic, grunt_temple_overflow_open,
          elyvilon_altar_4, uniq_ijyb

Skill      XL: |  1  2  3  4 |
---------------+-------------+-----
Fighting       | 4 |  4.2
Short Blades   | 2 3 |  3.2
Axes           | |  4.6
Armour         | |  2.3
Dodging        | |  1.8

Action                   |  1- 3 |  4- 6 || total
-------------------------+-------+-------++-------
Melee: Hand axe          |    35 |       ||    35
       Dagger            |    53 |    75 ||   128
Invok: Berserk           |     1 |       ||     1
  Use: Scroll            |     2 |       ||     2
Armor: Animal skin       |    10 |       ||    10
       Ring mail         |    20 |    11 ||    31
Dodge: Dodged            |    67 |    36 ||   103
Block: Other             |       |    11 ||    11
